 Dungeon Crawl Stone Soup version 0.29-a0-1047-g7c58e119a4 (webtiles) character file.

Game seed: 3641224500264390277

61 polve the Chopper (level 3, -6/29 HPs)
             Began as a Demonspawn Abyssal Knight on Aug 16, 2022.
             Was a Believer of Lugonu.
             Killed by divine providence
             ... invoked by an orc priest
              (13 damage)
             ... on level 3 of the Dungeon.
             The game lasted 00:01:55 (3312 turns).

polve the Chopper (Demonspawn Abyssal Knight)       Turns: 3312, Time: 00:01:56

Health: -6/29      AC: 10    Str: 15    XL:     3   Next: 83%
Magic:  4/4        EV:  4    Int: 11    God:    Lugonu [**....]
Gold:   130        SH:  4    Dex: 13    Spells: 2/2 levels left

rFire   . . .      SeeInvis .   b - +1 spear (venom)
rCold   . . .      Faith    .   (no shield)
rNeg    . . .      Spirit   .   l - +0 plate armour
rPois   .          Reflect  .   (no helmet)
rElec   .          Harm     .   (no cloak)
rCorr   .          Rampage  .   (no gloves)
Will    .....                   (no boots)
Stlth   ..........              (no amulet)
HPRegen 0.09/turn               (no ring)
MPRegen 0.09/turn               (no ring)

@: no status effects
A: large bone plates 1
a: Renounce Religion, Depart the Abyss, Bend Space


You were on level 3 of the Dungeon.
You worshipped Lugonu.
Lugonu was pleased with you.
You visited 1 branch of the dungeon, and saw 3 of its levels.
You visited the Abyss 1 time.

You collected 130 gold pieces.

Inventory:

Hand Weapons
 a - a +1 hand axe
 b - a +1 spear of venom (weapon)
Armour
 l - a +0 plate armour (worn)
Scrolls
 d - a scroll of summoning
Potions
 e - a potion of heal wounds
 f - a potion of brilliance
 g - a potion of lignification
 h - a potion of curing
 i - a potion of invisibility
 j - a potion of ambrosia {unknown}


   Skills:
 - Level 3.0 Fighting
 + Level 3.8 Axes
 - Level 1.7 Armour
 - Level 0.8 Dodging
 - Level 2.4 Invocations


You had 2 spell levels left.
You didn't know any spells.
Your spell library was empty.

Dungeon Overview and Level Annotations

Branches:
Dungeon (3/15)

Altars:


Innate Abilities, Weirdness & Mutations

You are partially covered in large bone plates. (SH +4)


Message History

An orc priest is nearby!
An orc priest is nearby!
An orc priest is nearby! 2 orcs come into view.
The orc shouts! x2
An orc comes into view. It is wielding a +0 club.
The orc shouts!
You hear a shout!
You enter the shallow water.
Moving in this stuff is going to be slow.
An orc comes into view. It is wielding a +2 hand axe of venom.
The orc shouts!
The orc priest calls down the wrath of Beogh upon you.
You barely resist.
Your unstable footing causes you to fumble your attack.
The orc hits you with a +0 mace.
You are too injured to fight recklessly!
You are too injured to fight recklessly!
You are too injured to fight recklessly!
You are too injured to fight recklessly!
You are too injured to fight recklessly!
Your unstable footing causes you to fumble your attack.
The orc priest invokes the aid of Beogh against you.
You barely resist. You block the orc's attack.
You hit the orc priest.
The orc priest is poisoned.
The orc priest is lightly wounded.
The orc barely misses you. The orc hits you with a +0 club.
You closely miss the orc priest.
The orc priest is lightly wounded.
The orc priest looks encouraged for a moment.
The orc attacks as you move away! The orc hits you with a +0 hand axe.
The orc attacks as you move away! The orc hits you with a +0 hand axe.
The orc attacks as you move away! The orc hits you but does no damage.
The orc attacks as you move away! The orc hits you but does no damage.
The orc priest miscasts a cantrip.
The orc priest mumbles some strange prayers to Beogh against you.
Beogh smites you!
* * * LOW HITPOINT WARNING * * *
The orc priest invokes the aid of Beogh against you.
Beogh smites you!
You die...

##.##
#.##..~~~~~~~~~.~..~..~
##.#
#...........~.o~.....~P
##.#
###########oo.o..#.....
#.# #.###### ... #.#
##o# # #.# #..#
#.####### #o##
##...>...# #o#
##..####.#######@# .#..#
#.##......#####
.#..####.##.............
....#........[######....
......##.#...## ..
###########..# ##.# #..#
##.#


You could see an orc priest (poisoned) and 4 orcs.

Vanquished Creatures
  2 adders
  A worm (D:2)
  A dart slug (D:1)
  3 endoplasms
  A giant cockroach (D:1)
  2 goblins
  3 hobgoblins
  3 jackals (D:1)
  4 quokkas
  3 ball pythons
  2 bats
  2 frilled lizards (D:2)
  5 kobolds
  6 rats
38 creatures vanquished.

Notes
Turn   | Place    | Note
-------+----------+-------------------------------------------
     0 | Abyss:1  | polve the Demonspawn Abyssal Knight began the quest for the
                  | Orb.
     0 | Abyss:1  | Reached XP level 1. HP: 18/18 MP: 2/2
     0 | D:1      | Escaped the Abyss
   658 | D:1      | Gained mutation: You are partially covered in large bone
                  | plates. (SH +4) [demonic ancestry]
   658 | D:1      | Reached XP level 2. HP: 22/24 MP: 3/3
  1864 | D:2      | Reached XP level 3. HP: 18/29 MP: 4/4
  3312 | D:3      | Killed from afar by an orc priest

Illustrated notes

Levels and vault maps discovered:
D:1:      matt_arrival_los_fun, layout_rooms, grunt_decor_junction
D:2:      layout_loops_ring, minmay_pentomino_s2
D:3:      layout_loops_corners, mainiacjoe_overflow_cross_hatched,
          jmf_multi_god_temple2, ebering_ecumenical_altar_sacrificial,
          chequers_big_river, minmay_increasing_density

Skill      XL: |  1  2 |
---------------+-------+-----
Axes           | 2 3 |  3.8
Fighting       | |  3.0
Armour         | |  1.7
Dodging        | |  0.8
Invocations    | |  2.4

Action                   || total
-------------------------++-------
Melee: Hand axe          ||   123
       Spear             ||    16
       Punch             ||     2
Invok: Depart the Abyss  ||     1
  Use: Scroll            ||     6
Armor: Leather armour    ||    38
       Plate armour      ||     4
Dodge: Dodged            ||    83
Block: Other             ||    21

Table legend: (Time is in decaauts)
 A = Elapsed time spent in this place.
 B = Non-inter-level travel time spent in this place.
 C = Inter-level travel time spent in this place.
 D = Time resting spent in this place.
 E = Time spent auto-exploring this place.
 F = Levels seen in this place.
 G = Mean time per level.
                   A        B        C        D        E       F      G
               +--------+--------+--------+--------+--------+-----+--------+
         Total |   3330 |   3174 |    156 |      0 |   2837 |   4 |  832.5 |
       Dungeon |   3330 |   3174 |    156 |      0 |   2837 |   3 | 1110.0 |
         Abyss |      0 |      0 |      0 |      0 |      0 |   1 |    0.0 |
               +--------+--------+--------+--------+--------+-----+--------+

Top non-repeatable levels by time:
     D:2: 1599 daAuts
     D:1: 1566 daAuts
     D:3: 164 daAuts
